 Dungeon Crawl Stone Soup version 0.29-a0-1016-g236c7fd91e (webtiles) character file.

Game seed: 14297245797842600080

1836 Manisian the Covert (level 8, -2/39 HPs)
             Began as a Spriggan Enchanter on Aug 9, 2022.
             Slain by a gnoll bouda
             ... wielding a +0 whip
              (5 damage)
             ... on level 6 of the Dungeon.
             The game lasted 00:19:25 (6285 turns).

Manisian the Covert (Spriggan Enchanter)            Turns: 6285, Time: 00:19:26

Health: -2/39      AC:  3    Str:  4    XL:     8   Next: 87%
Magic:  17/27      EV: 19    Int: 21    God:
Gold:   87         SH:  0    Dex: 17    Spells: 5/19 levels left

rFire   . . .      SeeInvis +   g - +9 short sword "Destray" {vorpal, Int+2 Dex+2}
rCold   . . .      Faith    .   (no shield)
rNeg    . . .      Spirit   .   b - +0 robe
rPois   .          Reflect  .   (helmet restricted)
rElec   .          Harm     .   u - +0 cloak
rCorr   .          Rampage  .   (gloves unavailable)
Will    +....                   (boots unavailable)
Stlth   +++++.....              k - amulet of regeneration
HPRegen 0.93/turn               q - +4 ring of slaying
MPRegen 0.20/turn               v - ring of magical power

@: weakened, very slightly contaminated, very quick
A: very small, no large weapons, unfitting armour, see invisible, speed 3
a: no special abilities


You were on level 6 of the Dungeon.
You visited 2 branches of the dungeon, and saw 8 of its levels.

You collected 227 gold pieces.
You spent 140 gold pieces at shops.

Inventory:

Hand Weapons
 g - the +9 short sword "Destray" (weapon) {vorpal, Int+2 Dex+2}
   (You found it on level 2 of the Dungeon)

   It inflicts extra damage upon your enemies.
   Int:       It affects your intelligence (+2).
   Dex:       It affects your dexterity (+2).
 l - a +0 dagger of freezing
 o - the +7 scimitar of Dissent {drain, rC+ Int+2}
   (You found it on level 4 of the Dungeon)

   A truly terrible weapon, it drains the life of any living foe it strikes.
   Int:       It affects your intelligence (+2).
   rC:        It protects you from cold.
 w - a +1 antimagic dagger
Armour
 b - a +0 robe (worn)
 u - a +0 cloak (worn)
Jewellery
 k - an amulet of regeneration (around neck)
 q - a +4 ring of slaying (left hand)
 r - a +6 ring of intelligence
 v - a ring of magical power (right hand)
Wands
 p - a wand of polymorph (5)
Scrolls
 a - a scroll of teleportation {unknown}
 n - 2 scrolls of fear
 t - a scroll of identify
 y - a scroll of poison
Potions
 c - 2 potions of invisibility
 d - a potion of flight
 e - a potion of ambrosia
 f - 3 potions of degeneration {unknown}
 h - 3 potions of berserk rage
 i - a potion of haste {unknown}
 j - 6 potions of curing
 m - a potion of magic {unknown}
 s - a potion of cancellation {unknown}
 x - a potion of heal wounds {unknown}
 z - 2 potions of brilliance {unknown}
 A - 2 potions of lignification {unknown}
 B - a potion of might {unknown}


   Skills:
 + Level 2.0 Fighting
 + Level 5.1 Short Blades
 + Level 4.6 Dodging
 + Level 11.1 Stealth
 + Level 6.2 Spellcasting
 + Level 0.5 Conjurations
 + Level 6.1 Hexes
 + Level 2.1 Ice Magic
 + Level 0.4 Evocations


You had 5 spell levels left.
You knew the following spells:

 Your Spells              Type           Power      Damage    Failure   Level
a - Ensorcelled Hibernat  Hex/Ice        48%        N/A       2%          2
b - Tukima's Dance        Hex            32%        N/A       2%          3
c - Slow                  Hex            100%       N/A       1%          1
d - Dazzling Flash        Conj/Hex       40%        N/A       8%          3
e - Silence               Hex/Air        9%         N/A       58%         5

Your spell library contained the following spells:

 Spells                   Type           Power      Damage    Failure   Level
 Confusing Touch          Hex            32%        N/A       2%          3
 Conjure Flame            Conj/Fire      7%         6-21      26%         3
 Ignite Poison            Fire/Tmut/Pois 6%         N/A       28%         3
 Vampiric Draining        Necr           6%         2d6       28%         3
 Iskenderun's Mystic Bla  Conj/Tloc      7%         2d4       65%         4
 Sticky Flame             Conj/Fire      7%         2d3       65%         4
 Passage of Golubria      Tloc           6%         N/A       67%         4
 Starburst                Conj/Fire      3%         6d3       100%        6
 Lehudib's Crystal Spear  Conj/Erth      3%         10d3      100%        8


Dungeon Overview and Level Annotations

Branches:
Dungeon (7/15)             Temple (1/1) D:4

Altars:
Ashenzari
Cheibriados
Fedhas
Hepliaklqana
Kikubaaqudgha
Makhleb
Nemelex Xobeh
Okawaru
Qazlal
Ru
Sif Muna
Trog
Uskayaw
Wu Jian
Xom
Yredelemnul
Zin
The Shining One

Shops:
D:4 (((***   D:5 :

Annotations:
D:3 1 runed translucent door, quixfox's ghost, amateur GrEE


Innate Abilities, Weirdness & Mutations

You are very small and have problems with some larger weapons.
You are too small for most types of armour.
You have supernaturally acute eyesight. (SInv)
You cover ground extremely quickly. (Speed+++)


Message History

The gnoll hits your +0 flail but does no damage.
The gnoll hits you with a +0 club.
Your +0 flail hits the gnoll!
The gnoll bouda misses you. The gnoll closely misses you.
Unknown command.
You puncture the gnoll!
You kill the gnoll!
The gnoll hits your +0 flail with a +0 whip.
The gnoll hits you with a +0 club.
Your +0 flail barely misses the gnoll.
The gnoll bouda misses you.
You hit the gnoll bouda but do no damage.
The gnoll hits your +0 flail with a +0 whip.
The gnoll completely misses you.
You hit the gnoll bouda.
The gnoll bouda is heavily wounded.
The gnoll bouda hits you with a +0 whip!
Your +0 flail hits the gnoll!
The gnoll hits your +0 flail with a +0 whip.
Your +0 flail falls from the air.
The gnoll completely misses you.
You are too injured to fight recklessly!
You hit the adder.
The adder is severely wounded.
The adder completely misses you.
The gnoll bouda calls upon its god to heal the gnoll.
The gnoll is healed somewhat.
The gnoll misses you.
You closely miss the adder.
The adder is severely wounded.
The adder closely misses you.
The gnoll bouda hits you with a +0 whip!
* * * LOW HITPOINT WARNING * * *
Unknown command.
You puncture the adder!
You kill the adder!
The gnoll hits you with a +0 club!
* * * LOW HITPOINT WARNING * * *
The gnoll barely misses you.
The gnoll bouda gazes fiercely through you!
You feel your attacks grow feeble.
The gnoll bouda hits you with a +0 whip.
You die...

.##.#$............# ###...##
.##.#.............########....###
.#..#......#......##....##.##...#
....#..[.. .....##....##.####..
.#..#...# #...#....)...# ###
.#..#...# #...#....)#########
.#..'...# #...'....)).)>.....
.#..#...# #...###############
##..#...# #g@.# #..#.....
#...gg.# ##.#......#..)...#
#.#.............#
#.#.............#
#.#######'####### ... ##


You could see a gnoll bouda and 2 gnolls.

Vanquished Creatures
  Grinder (D:4)
  An ice beast (D:6)
  A sky beast (D:6)
  A black bear (D:5)
  3 ogres (D:5)
  A necrophage (D:5)
  4 scorpions
  2 vampire bats (D:5)
  5 hounds
  2 gnoll boudas
  An orc priest (D:5)
  4 jellies (D:5)
  2 iguanas (D:5)
  Natasha (twice) (D:4)
  An orc wizard (D:6)
  5 gnolls
  8 adders
  A white imp (D:6)
  An ufetubus (D:5)
  A worm (D:2)
  3 dart slugs
  24 orcs
  6 ball pythons
  8 bats
  10 endoplasms
  2 giant cockroaches
  5 goblins
  10 hobgoblins
  8 jackals
  7 kobolds
  3 quokkas
  5 frilled lizards
  7 rats
145 creatures vanquished.

Vanquished Creatures (collateral kills)
  An orc (D:4)
1 creature vanquished.

Vanquished Creatures (others)
  A dancing weapon (D:6)
  2 plants (D:4)
3 creatures vanquished.

Grand Total: 149 creatures vanquished

Notes
Turn   | Place    | Note
-------+----------+-------------------------------------------
     0 | D:1      | Manisian the Spriggan Enchanter began the quest for the
                  | Orb.
     0 | D:1      | Reached XP level 1. HP: 9/9 MP: 5/5
   229 | D:1      | Reached XP level 2. HP: 13/13 MP: 7/7
   273 | D:1      | Learned a level 2 spell: Ensorcelled Hibernation
  1081 | D:1      | Reached skill level 5 in Stealth
  1081 | D:1      | Reached XP level 3. HP: 16/16 MP: 3/8
  1142 | D:1      | Found a faded altar of an unknown god.
  1260 | D:1      | Identified a scroll of acquirement
  1260 | D:1      | Acquired a book of the Moon
  1268 | D:1      | Learned a level 3 spell: Tukima's Dance
  1270 | D:1      | Learned a level 1 spell: Slow
  1333 | D:2      | Found a shimmering blue altar of Sif Muna.
  1413 | D:2      | Identified the +9 short sword "Destray" {vorpal, Int+2
                  | Dex+2}
  2118 | D:3      | Reached XP level 4. HP: 21/21 MP: 9/9
  2126 | D:3      | Learned a level 3 spell: Dazzling Flash
  2227 | D:3      | Reached skill level 6 in Stealth
  2496 | D:3      | Found a runed translucent door.
  2602 | D:3      | Noticed quixfox's ghost (amateur GrEE)
  2642 | D:3      | Reached skill level 1 in Ice Magic
  2961 | D:3      | Reached XP level 5. HP: 16/24 MP: 7/11
  3178 | D:4      | Found Vaipnimu's Assorted Antiques.
  3182 | D:4      | Found Jym Anus's Weapon Shoppe.
  3256 | D:4      | Identified the +7 scimitar of Dissent {drain, rC+ Int+2}
  3265 | D:4      | Found Peafeyd's Weapon Shoppe.
  3353 | D:4      | Noticed Grinder
  3390 | D:4      | Killed Grinder
  3391 | D:4      | Reached skill level 7 in Stealth
  3391 | D:4      | Reached skill level 5 in Hexes
  3391 | D:4      | Reached XP level 6. HP: 25/29 MP: 9/13
  3489 | D:4      | Found Wuafioq's Assorted Antiques.
  3498 | D:4      | Bought a ruby ring for 140 gold pieces
  3570 | D:4      | Found a shimmering altar of Xom.
  3643 | D:4      | Found Semat's Assorted Antiques.
  3715 | D:4      | Found a staircase to the Ecumenical Temple.
  3997 | Temple   | Entered the Ecumenical Temple
  4480 | D:4      | Noticed Natasha
  4488 | D:4      | Killed Natasha
  4630 | D:4      | Found Caithy's Weapon Emporium.
  4681 | D:4      | Noticed Natasha
  4688 | D:4      | Killed Natasha
  4789 | D:5      | Entered Level 5 of the Dungeon
  4789 | D:5      | Found Zity's Book Shop.
  4975 | D:5      | Reached skill level 8 in Stealth
  4975 | D:5      | Reached XP level 7. HP: 32/32 MP: 10/14
  5015 | D:5      | Learned a level 5 spell: Silence
  5385 | D:5      | Reached skill level 9 in Stealth
  5446 | D:5      | Reached skill level 5 in Spellcasting
  5458 | D:5      | Reached skill level 1 in Fighting
  5597 | D:5      | Reached XP level 8. HP: 21/37 MP: 16/16
  5601 | D:5      | Reached skill level 10 in Stealth
  5993 | D:6      | Found a basalt altar of Yredelemnul.
  6100 | D:6      | You fall into a shaft and drop 1 floor!
  6147 | D:6      | Reached skill level 5 in Short Blades
  6260 | D:6      | Reached skill level 11 in Stealth
  6285 | D:6      | Slain by a gnoll bouda

Illustrated notes

Levels and vault maps discovered:
D:1:      onia_arrival_pentagram, layout_basic, basic_ecumenical_altar
D:2:      layout_rooms, basic_altar
D:3:      layout_rooms, ebering_ghost_reflecting_pool
D:4:      layout_layer_cave, overflow_temple_1_default,
          minmay_temple_entry_enclosed_plants, serial_shops, nicolae_shop_stone,
          shop, nicolae_shop_overgrown_old_shop,
          nicolae_shop_bloodbath_and_beyond, kennysheep_mini,
          minmay_misc_feat_cross, columned_hall_lemuel,
          nicolae_kite_square_tiling_tiny, kennysheep_small_spiral,
          nicolae_stop_n_shop_2, uniq_natasha, uniq_grinder
D:5:      minmay_opposing_rooms, layout_basic, serial_shops,
          nicolae_stop_n_shop_1, minmay_misc_feat_x, roderic_batcave,
          kennysheep_decorative_pillar, minmay_strange_pillars
D:6:      layout_rooms, mainiacjoe_overflow_concentric_impassable,
          chequers_decorated_corner, kennysheep_generic_room_16
D:7:      layout_basic, uniq_maggie, uniq_crazy_yiuf_cottage
Temple:   bh_familiar_temple

Skill      XL: |  1  2  3  4  5  6  7  8 |
---------------+-------------------------+-----
Spellcasting   | 3 4 5 6 |  6.2
Hexes          | 4 5 6 |  6.1
Stealth        | 5 6 7 8 9 11 | 11.1
Ice Magic      | 1 2 |  2.1
Short Blades   | 2 3 5 |  5.1
Dodging        | 3 4 |  4.6
Fighting       | 1 2 |  2.0
Conjurations   | |  0.5
Evocations     | |  0.4

Action                   |  1- 3 |  4- 6 |  7- 9 || total
-------------------------+-------+-------+-------++-------
Melee: Dagger            |    72 |       |       ||    72
       Short sword       |    15 |    80 |    87 ||   182
       Punch             |       |       |     2 ||     2
 Cast: Ensorcelled Hiber |    30 |    21 |    22 ||    73
       Tukima's Dance    |       |     3 |     2 ||     5
       Dazzling Flash    |       |     3 |     5 ||     8
       Slow              |       |     4 |     1 ||     5
Evoke: Wand              |       |     2 |       ||     2
  Use: Scroll            |     9 |     3 |     2 ||    14
       Potion            |       |       |     2 ||     2
 Stab: Sleeping          |    34 |    28 |    25 ||    87
       Invisible         |       |     1 |     1 ||     2
       Distracted        |       |       |     1 ||     1
Armor: Robe              |     4 |     5 |     6 ||    15
Dodge: Dodged            |    45 |    45 |    80 ||   170

Table legend: (Time is in decaauts)
 A = Elapsed time spent in this place.
 B = Non-inter-level travel time spent in this place.
 C = Inter-level travel time spent in this place.
 D = Time resting spent in this place.
 E = Time spent auto-exploring this place.
 F = Levels seen in this place.
 G = Mean time per level.
                   A        B        C        D        E       F      G
               +--------+--------+--------+--------+--------+-----+--------+
         Total |   4786 |   4656 |    130 |    537 |   2950 |   8 |  598.2 |
       Dungeon |   4651 |   4547 |    104 |    537 |   2845 |   7 |  664.4 |
        Temple |    135 |    110 |     25 |      0 |    104 |   1 |  135.0 |
               +--------+--------+--------+--------+--------+-----+--------+

Top non-repeatable levels by time:
     D:1: 1090 daAuts
     D:4: 958 daAuts
     D:3: 915 daAuts
     D:5: 822 daAuts
     D:2: 605 daAuts
     D:6: 250 daAuts
  Temple: 135 daAuts
     D:7: 9 daAuts
